 Dungeon Crawl Stone Soup version 0.26-a0-651-gb41185065b (webtiles) character file.

Game seed: 9909851459802561762

11 Kraken2834 the Firebug (level 2, -2/20 HPs)
             Began as a Draconian Fire Elementalist on Sept 30, 2020.
             Slain by a kobold
             ... wielding a +0 dagger
              (3 damage)
             ... on level 1 of the Dungeon.
             The game lasted 00:02:01 (515 turns).

Kraken2834 the Firebug (Draconian Fire Elementalist) Turns: 515, Time: 00:02:01

Health: -2/20      AC:  4    Str: 10    XL:     2   Next: 13%
Magic:  5/5        EV: 12    Int: 15    God:
Gold:   19         SH:  0    Dex: 11    Spells: 4/5 levels left

rFire    . . .     SeeInvis .   c - +0 whip
rCold    . . .     Faith    .   (no shield)
rNeg     . . .     Spirit   .   (armour unavailable)
rPois    .         Reflect  .   (helmet restricted)
rElec    .         Harm     .   (no cloak)
rCorr    .         Rampage  .   (no gloves)
MR       .....     Rnd*Tele +   (no boots)
Stlth    ++........             (no amulet)
HPRegen  0.06/turn              b - ring of teleportation (curse)
MPRegen  0.09/turn              (no ring)

@: no status effects
A: unfitting armour, cold-blooded, AC +4
a: no special abilities


You were on level 1 of the Dungeon.
You visited 1 branch of the dungeon, and saw 1 of its levels.

You collected 19 gold pieces.

Inventory:

Hand Weapons
 c - a +0 whip (weapon)
Jewellery
 b - a cursed ring of teleportation (left hand)
Potions
 a - a potion of mutation {unknown}


   Skills:
 * Level 0.1 Fighting
 - Level 2.0 Dodging
 - Level 1.7 Stealth
 - Level 2.1 Spellcasting
 - Level 1.0 Conjurations
 + Level 3.4 Fire Magic


You had 4 spell levels left.
You knew the following spells:

 Your Spells              Type           Power        Failure   Level
a - Foxfire               Conj/Fire      #...         9%          1

Your spell library contained the following spells:

 Spells                   Type           Power        Failure   Level
 Conjure Flame            Conj/Fire      #.......     26%         3
 Inner Flame              Hex/Fire       #.......     32%         3
 Sticky Flame             Conj/Fire      #.......     65%         4
 Fireball                 Conj/Fire      #.........   94%         5


Dungeon Overview and Level Annotations

Branches:
Dungeon (1/15)

Altars:


Innate Abilities, Weirdness & Mutations

Your plain brown scales are hard. (AC +4)
You cannot fit into any form of body armour.
You are cold-blooded and may be slowed by cold attacks.


Message History

You miss the kobold. The kobold hits you with a +0 dagger.
You hit the kobold but do no damage. The kobold hits you but does no damage.
You barely miss the kobold.
Your tail-slap misses the kobold.
The kobold barely misses you.
You barely miss the kobold. The kobold hits you with a +0 dagger.
You barely miss the kobold. The kobold barely misses you.
You hit the kobold.
The kobold is moderately wounded.
The kobold hits you with a +0 dagger.
* * * LOW HITPOINT WARNING * * *
You hit the kobold but do no damage.
The kobold is moderately wounded.
The kobold hits you with a +0 dagger.
* * * LOW HITPOINT WARNING * * *
You barely miss the kobold. The kobold closely misses you.
The kobold hits you but does no damage.
You hit the kobold but do no damage. The kobold hits you with a +0 dagger.
* * * LOW HITPOINT WARNING * * *
You hit the kobold but do no damage. The kobold hits you with a +0 dagger.
You die...

.. #.......#.... #.
#.......#....
#.####.......#....
####....#.......#.(.#
........'..........(.
##.#.(.#....)...##.#
##+#..(#........##..
##).....###......###.
#..K@)..# #..........
#....##.# ###########
........##.# #
........##.. #.#####
.....#....... #......
.....#... ....
###.... .... #... ...
#.... .... ##...
#.... #....


You could see a kobold.

Vanquished Creatures
  3 hobgoblins (D:1)
  2 bats (D:1)
  A frilled lizard (D:1)
  3 kobolds (D:1)
  2 rats (D:1)
11 creatures vanquished.

Notes
Turn   | Place    | Note
-------+----------+-------------------------------------------
     0 | D:1      | Kraken2834 the Draconian Fire Elementalist began the quest
                  | for the Orb.
     0 | D:1      | Reached XP level 1. HP: 14/14 MP: 3/3
   482 | D:1      | Reached XP level 2. HP: 20/20 MP: 5/5
   514 | D:1      | HP: 1/20 [kobold/+0 dagger (2)]
   515 | D:1      | Slain by a kobold

Illustrated notes

Levels and vault maps discovered:
D:1:      dpeg_arrival_short_road, layout_basic, minmay_tetromino_o4

Skill      XL: |  1 |
---------------+----+-----
Dodging        | 2 |  2.0
Fighting       | |  0.1
Stealth        | |  1.7
Spellcasting   | |  2.1
Conjurations   | |  1.0
Fire Magic     | |  3.4

Action                   || total
-------------------------++-------
Melee: Unarmed           ||    29
       Whip              ||    42
       Tailslap          ||     7
 Stab: Sleeping          ||     1
Armor: Skin              ||    25
Dodge: Dodged            ||    59

Table legend: (Time is in decaauts)
 A = Elapsed time spent in this place.
 B = Non-inter-level travel time spent in this place.
 C = Inter-level travel time spent in this place.
 D = Time resting spent in this place.
 E = Time spent auto-exploring this place.
 F = Levels seen in this place.
 G = Mean time per level.
                   A        B        C        D        E       F      G
               +--------+--------+--------+--------+--------+-----+--------+
         Total |    518 |    518 |      0 |    290 |    108 |   1 |  518.0 |
       Dungeon |    518 |    518 |      0 |    290 |    108 |   1 |  518.0 |
               +--------+--------+--------+--------+--------+-----+--------+

Top non-repeatable levels by time:
     D:1: 518 daAuts
